 Dungeon Crawl Stone Soup version 0.30-a0-760-g5a9884bb7c (webtiles) character file.

Game seed: 132459355308344791

42 kingofthe the Firebug (level 3, 0/21 HPs)
             Began as an Octopode Fire Elementalist on Feb 11, 2023.
             Slain by a jackal (1 damage)
             ... on level 2 of the Dungeon.
             The game lasted 00:03:28 (1266 turns).

kingofthe the Firebug (Octopode Fire Elementalist)  Turns: 1266, Time: 00:03:28

Health: 0/21       AC:  1    Str:  7    XL:     3   Next: 56%
Magic:  1/6        EV: 13    Int: 17    God:
Gold:   33         SH:  0    Dex: 14    Spells: 6/7 levels left

rFire   + . .      SeeInvis .    h - staff of fire
rCold   + . .      Faith    .    (no shield)
rNeg    . . .      Spirit   .    (helmet restricted)
rPois   .          Reflect  .    (no amulet)
rElec   .          Harm     .    d - ring of protection from cold
rCorr   .          Rampage  .    (no ring)
Will    .....                    (no ring)
Stlth   +++                      (no ring)
HPRegen 0.23/turn                (no ring)
MPRegen 0.10/turn                (no ring)
                                 (no ring)
                                 (no ring)

@: very slightly contaminated
A: almost no armour, amphibious, 8 rings, camouflage 1, gelatinous body 1,
(nimble swimmer 1), tentacles
a: no special abilities


You were on level 2 of the Dungeon.
You visited 1 branch of the dungeon, and saw 2 of its levels.

You collected 33 gold pieces.

Inventory:

Magical Staves
 h - a staff of fire (weapon)
Jewellery
 d - a ring of protection from cold (left tentacle)
Scrolls
 b - a scroll of immolation {unknown}
 e - a scroll of poison {unknown}
Potions
 a - a potion of magic
 c - 3 potions of curing {unknown}
 f - a potion of flight {unknown}
 g - a potion of berserk rage {unknown}
 i - a potion of brilliance {unknown}


   Skills:
 * Level 2.3 Dodging
 + Level 3.2 Stealth
 * Level 2.5 Spellcasting
 + Level 1.5 Conjurations
 + Level 3.3 Fire Magic


You had 6 spell levels left.
You knew the following spells:

 Your Spells              Type           Power      Damage    Failure   Level
a - Foxfire               Conj/Fire      60%        2x1d7     7%          1

Your spell library contained the following spells:

 Spells                   Type           Power      Damage    Failure   Level
 Scorch                   Fire           40%        2d7       7%          2
 Inner Flame              Hex/Fire       11%        N/A       28%         3
 Kindle Blastsparks       Fire/Tloc/Air  16%        2d11      34%         3
 Flame Wave               Conj/Fire      15%        2d7       54%         4


Dungeon Overview and Level Annotations

Branches:
Dungeon (2/15)

Altars:


Innate Abilities, Weirdness & Mutations

You cannot wear most types of armour.
You are amphibious.
You can wear up to eight rings at the same time.
Your skin changes colour to match your surroundings (Stealth+).
Your rubbery body absorbs attacks. (AC +1, EV +1)
((You are camouflaged when in or above water. (Stealth+)))
You have tentacles for arms and can constrict up to eight enemies at once.


Message History

Nothing appears to happen.
The foxfire hits the adder but does no damage.
The foxfire hits the bat!
You kill the bat!
You feel a surge of power!
You conjure some foxfire!
The adder bites you.
The jackal bites you but does no damage.
The jackal closely misses you.
You hit the adder but do no damage. You grab the adder.
You constrict the adder.
The foxfire hits the jackal.
You kill the jackal!
The adder bites you. The jackal barely misses you. The adder bites you.
The jackal bites you.
You hit the adder but do no damage. You squeeze the adder!
You kill the adder!
The foxfire hits the hobgoblin.
The hobgoblin is lightly wounded.
The jackal bites you. The hobgoblin completely misses you.
You are too injured to fight recklessly!
Casting: Foxfire (safe; 7% risk of failure)
Confirm with . or Enter, or press ? or * to list all spells.
You feel a surge of power!
You miscast Foxfire.
Nothing appears to happen.
The jackal bites you. The hobgoblin hits you.
* * * LOW HITPOINT WARNING * * *
The jackal bites you.
* * * LOW HITPOINT WARNING * * *
The jackal attacks as you move away! The jackal closely misses you.
The jackal attacks as you move away! The jackal closely misses you.
The jackal attacks as you move away! The jackal misses you.
The jackal closely misses you.
Casting: Foxfire (safe; 7% risk of failure)
Confirm with . or Enter, or press ? or * to list all spells.
You feel a surge of power!
You conjure some foxfire!
The jackal barely misses you.
Your foxfire dissipates!
The jackal bites you.
* * * LOW HITPOINT WARNING * * *
Casting: Foxfire (safe; 7% risk of failure)
Confirm with . or Enter, or press ? or * to list all spells.
You feel a surge of power!
You conjure some foxfire!
The jackal bites you.
You die...

####.#....
.........
#....†.#####
#....†.....#
#.....#.##.#
#.....#.##.#
#.....#g##.#
#.....#h##.#
#.....#.@#.#
#.....##vv.#
...........####
#######.....#
...........##
#..#######..####
# #†.<..#
#..##.###
#######
.#######.......#


You could see a jackal (ally target) and a hobgoblin.

Vanquished Creatures
  An adder (D:2)
  2 dart slugs (D:1)
  2 giant cockroaches
  3 goblins (D:1)
  A hobgoblin (D:1)
  5 jackals
  3 quokkas
  2 ball pythons (D:1)
  2 bats
  A frilled lizard (D:1)
  2 kobolds
  2 rats (D:1)
26 creatures vanquished.

Vanquished Creatures (others)
  67 foxfires
67 creatures vanquished.

Grand Total: 93 creatures vanquished

Notes
Turn   | Place    | Note
-------+----------+-------------------------------------------
     0 | D:1      | kingofthe the Octopode Fire Elementalist began the quest
                  | for the Orb.
     0 | D:1      | Reached XP level 1. HP: 11/11 MP: 3/3
   307 | D:1      | Reached XP level 2. HP: 17/17 MP: 1/5
   858 | D:1      | Reached XP level 3. HP: 15/21 MP: 1/6
   969 | D:1      | Found a faded altar of an unknown god.
  1071 | D:1      | this is exceedingly common lately
  1071 | D:1      | re: early staff of fire as FE
  1264 | D:2      | HP: 1/21 [jackal (2)]
  1266 | D:2      | Slain by a jackal

Illustrated notes

#.........#
#######†##..###.#
#...............#
#..........######
#..........#
#..........####
###..)........# #
#......#.##.# ###
#......#.##@# ..##
#......#)##.#
#..####.......##.#
.....##.###......#
.....##..)..#.####
.....##.....#....#
.....####...#.##.#
.......#..######.#
.....#.#.........#


Turn 1071 on D:1: this is exceedingly common lately

Levels and vault maps discovered:
D:1:      roderic_lyre, layout_basic, hellmonk_ecumenical_altar_defaced_shrine
D:2:      layout_basic

Skill      XL: |  1  2 |
---------------+-------+-----
Stealth        | 3 |  3.2
Dodging        | |  2.3
Spellcasting   | |  2.5
Conjurations   | |  1.5
Fire Magic     | |  3.3

Action                     || total
---------------------------++-------
  Melee: Unarmed           ||     7
         Tentacles         ||     4
         Constrict         ||     3
         Staff             ||     2
   Cast: Foxfire           ||    41
 Armour: Skin              ||     1
  Dodge: Dodged            ||    17

Table legend: (Time is in decaauts)
 A = Elapsed time spent in this place.
 B = Non-inter-level travel time spent in this place.
 C = Inter-level travel time spent in this place.
 D = Time resting spent in this place.
 E = Time spent auto-exploring this place.
 F = Levels seen in this place.
 G = Mean time per level.
                   A        B        C        D        E       F      G
               +--------+--------+--------+--------+--------+-----+--------+
         Total |   1265 |   1212 |     53 |     48 |   1014 |   2 |  632.5 |
       Dungeon |   1265 |   1212 |     53 |     48 |   1014 |   2 |  632.5 |
               +--------+--------+--------+--------+--------+-----+--------+

Top non-repeatable levels by time:
     D:1: 1124 daAuts
     D:2: 141 daAuts
